 Dungeon Crawl Stone Soup version 0.24-a0-317-g5cb8de4 (webtiles) character file.

Game seed: 6548626914168258263

71228 MisterFreud the Peltast (level 14, -4/143 HPs)
             Began as a Troll Hunter on May 16, 2019.
             Was the Champion of Ru.
             Slain by a shambling mangrove (20 damage)
             ... on level 3 of the Swamp.
             The game lasted 00:55:30 (24533 turns).

MisterFreud the Peltast (Troll Hunter)             Turns: 24533, Time: 00:55:30

Health: -4/143     AC: 15    Str: 27    XL:     14   Next: 97%
Magic:  13/13      EV: 10    Int:  7    God:    Ru [******]
Gold:   2153       SH: 23    Dex: 10    Spells: 13/13 levels left

rFire    . . .     SeeInvis .     - Unarmed
rCold    . . .     Gourm    +   i - +3 large shield
rNeg     . . .     Faith    .   W - +2 robe {MR+}
rPois    .         Spirit   .   (helmet restricted)
rElec    .         Reflect  .   H - +2 cloak {+Inv}
rCorr    .         Harm     .   (gloves unavailable)
MR       +++..                  (boots unavailable)
Stlth    ..........             Y - amulet of rage
HPRegen  0.73/turn              T - ring of protection from magic
MPRegen  0.13/turn              a - +4 ring of protection

@: lethally poisoned (-4 -> -28), grasped by roots, constricted, lightly drained
A: large, unfitting armour, claws 3, fast metabolism 3, gourmand, regeneration
1, shaggy fur 1, tough skin 3, no stealth, hated by all, inability to train
armour, no air magic, no charms magic, no hexes magic, inexperienced 1
a: Draw Out Power, Power Leap, Apocalypse, Renounce Religion, Evoke Berserk
Rage, Evoke Invisibility


You were on level 3 of the Swamp.
You worshipped Ru.
Ru was exalted by your worship.
You were not hungry.

You visited 5 branches of the dungeon, and saw 26 of its levels.

You collected 2794 gold pieces.
You spent 641 gold pieces at shops.

Inventory:

Missiles
 b - 21 boomerangs
 c - 19 large rocks (quivered)
 e - 972 stones
 g - 10 javelins
 z - 4 throwing nets
 D - 2 boomerangs of dispersal
 U - 8 silver javelins
Armour
 i - a +3 large shield (worn)
 H - a +2 cloak of invisibility (worn)
 W - a +2 robe of magic resistance (worn)
Jewellery
 a - a +4 ring of protection (right claw)
 G - a +4 ring of intelligence
 T - a ring of protection from magic (left claw)
 Y - an amulet of rage (around neck)
Wands
 p - a wand of acid (32)
 q - a wand of scattershot (5)
 r - a wand of iceblast (16)
 v - a wand of digging (11)
 x - a wand of random effects (47)
 E - a wand of clouds (7)
 K - a wand of flame (16)
 N - a wand of enslavement (8)
 S - a wand of paralysis (11)
Scrolls
 h - 4 scrolls of amnesia
 j - 3 scrolls of enchant armour
 k - 16 scrolls of remove curse
 o - 4 scrolls of teleportation
 y - a scroll of magic mapping
 A - 2 scrolls of enchant weapon
 B - 7 scrolls of fog
 C - 4 scrolls of identify
 F - 3 scrolls of immolation
 L - 4 scrolls of vulnerability
 M - 2 scrolls of fear
Potions
 l - 4 potions of haste
 m - 16 potions of curing
 n - 4 potions of flight
 s - a potion of ambrosia
 t - a potion of mutation
 u - 5 potions of brilliance
 w - 5 potions of invisibility
 I - 5 potions of resistance
 J - a potion of berserk rage
 O - a potion of magic
 P - 2 potions of might
 Q - a potion of cancellation
 R - 2 potions of lignification
 V - 2 potions of heal wounds
 X - 2 potions of agility
Miscellaneous
 d - a phantom mirror
 Z - a lightning rod (4/4)
Comestibles
 f - 41 rations


   Skills:
 - Level 10.0(9.4) Fighting
 + Level 9.1(8.5) Throwing
 - Level 10.0(9.3) Dodging
 - Level 15.0(14.2) Shields
 + Level 11.0(10.3) Unarmed Combat


You had 13 spell levels left.
You didn't know any spells.
Your spell library contained the following spells:

 Spells                   Type           Power        Failure   Level  Hunger
 Apportation              Tloc           #.....       47%         1    ##.....
 Magic Dart               Conj           #...         47%         1    ##.....
 Sting                    Conj/Pois      #...         47%         1    ##.....
 Searing Ray              Conj           #.....       63%         2    ###....
 Force Lance              Conj/Tloc      #.......     99%         4    #####..
 Iskenderun's Mystic Bla  Conj           #.......     99%         4    #####..
 Olgreb's Toxic Radiance  Pois           #.......     99%         4    #####..
 Venom Bolt               Conj/Pois      #.........   100%        5    ######.
 Ignition                 Fire           #.........   100%        8    #######
 Shatter                  Erth           #.........   100%        9    #######
 Animate Skeleton         Necr           Unusable     N/A         1    N/A
 Confusing Touch          Hex            Unusable     N/A         1    N/A
 Shock                    Conj/Air       Unusable     N/A         1    N/A
 Summon Small Mammal      Summ           Unusable     N/A         1    N/A
 Poisonous Vapours        Pois/Air       Unusable     N/A         2    N/A
 Swiftness                Chrm/Air       Unusable     N/A         2    N/A
 Dazzling Spray           Conj/Hex       Unusable     N/A         3    N/A
 Mephitic Cloud           Conj/Pois/Air  Unusable     N/A         3    N/A
 Static Discharge         Conj/Air       Unusable     N/A         3    N/A
 Airstrike                Air            Unusable     N/A         4    N/A
 Fulminant Prism          Conj/Hex       Unusable     N/A         4    N/A
 Lightning Bolt           Conj/Air       Unusable     N/A         5    N/A
 Tornado                  Air            Unusable     N/A         9    N/A

Dungeon Overview and Level Annotations

Branches:
Dungeon (14/15)            Temple (1/1) D:7            Lair (6/6) D:8
  Swamp (3/4) Lair:2       Spider (0/4) Lair:3        Slime (0/5) Lair:6
    Orc (2/2) D:12            Elf (0/3) Orc:2        Vaults (0/5) D:13

Altars:
Cheibriados
Dithmenos
Elyvilon
Fedhas
Gozag
Makhleb
Nemelex Xobeh
Okawaru
Ru
Uskayaw
Vehumet
Xom
Yredelemnul
Zin
The Shining One
Beogh

Shops:
D:6 [   D:8 *   D:9 (   Orc:1 !   Orc:2 :[*(

Annotations:
D:4 2 transporters, exclusion: statue, galech's ghost, amateur DsFi
D:14 Nessos
Lair:2 exclusion: oklob plant
Lair:4 exclusion: oklob plant
Lair:5 exclusion: 2 oklob plants


Innate Abilities, Weirdness & Mutations

You are too large for most types of armour.
You have claws for hands.
Your metabolism is lightning-fast.
You like to eat raw meat.
Your natural rate of healing is unusually fast.
You are covered in fur. (AC +1)
You have extremely tough skin. (AC +3)
You cannot be stealthy.
You are hated by all.
You cannot train Armour skill.
You cannot study or cast Air magic.
You cannot study or cast Charms magic.
You cannot study or cast Hexes magic.
You are somewhat inexperienced. (-2 XL)


Message History

Roots burst forth from the earth!
The grasping roots grab you! The grasping roots constrict you!
You scratch the shambling mangrove but do no damage.
The shambling mangrove is heavily damaged.
You feel very sick. The shambling mangrove hits you.
You focus your will and illuminate the shambling mangrove in retribution!
* * * LOW HITPOINT WARNING * * *
The grasping roots constrict you!
You scratch the shambling mangrove.
The shambling mangrove is heavily damaged.
You feel very sick.
The tyrant leech bites you but does no damage.
You scratch the shambling mangrove.
The shambling mangrove is heavily damaged.
You feel very sick. The shambling mangrove hits you!
* * * LOW HITPOINT WARNING * * *
You die...

≈≈....♣≈♣♣♣♣♣♣♣♣.♣
≈≈≈≈.....♣♣..♣♣≈≈♣♣
♣≈....≈P♣♣.≈≈..≈..♣
♣♣.≈≈≈≈P<.≈≈≈≈≈≈.≈♣
♣..≈≈.P≈≈≈≈≈≈≈.♣♣♣
♣♣≈≈≈≈P≈≈≈≈≈≈≈.♣♣♣
♣.≈≈≈P≈≈≈≈..≈...♣♣
♣.≈.≈P≈≈≈)§○♣....♣
♣♣♣≈.P....[.♣≈@≈.♣
♣.≈♣!....≈♣fw≈.♣
♣≈≈P..≈≈≈≈..≈§....
♣≈♣♣♣.≈≈≈≈♣≈...≈≈≈♣
♣♣ ♣♣.≈≈♣♣♣≈..≈≈.♣
♣♣♣♣♣ ....≈≈≈.♣
♣♣♣♣.≈≈.. .≈§≈≈


You could see a shambling mangrove and a tyrant leech.

Vanquished Creatures
  A tentacled monstrosity (Swamp:2)
  Jorgrun (D:13)
  3 thorn hunters
  Kirke (D:13)
  Louise (Swamp:1)
  An orc warlord (Orc:2)
  Harold (D:11)
  3 hydras
  Erica (D:11)
  An ogre mage (D:13)
  6 alligators
  2 centaur warriors (D:13)
  2 two-headed ogres (D:13)
  A death yak (Lair:1)
  An orc high priest (Orc:2)
  Nergalle (D:11)
  Sonja (Lair:3)
  An unseen horror (D:10)
  2 swamp dragons
  A deep elf archer (D:13)
  4 orc knights
  4 deep elf magi (D:13)
  6 orc sorcerers
  4 cyclopes
  3 black mambas
  4 ugly things
  A centaur zombie (D:12)
  16 elephants
  Psyche (D:10)
  16 spiny frogs
  A kobold demonologist (D:13)
  4 yaktaurs (D:13)
  7 komodo dragons
  4 polar bears
  8 hornets
  4 tyrant leeches
  8 trolls
  2 meliai (Lair:5)
  5 slime creatures (D:13)
  10 blink frogs
  8 bog bodies
  6 dream sheep
  13 hippogriffs
  18 spriggans
  3 wraiths
  Sigmund (D:2)
  A hog (D:13)
  3 wyverns
  23 yaks
  3 humans (D:13)
  2 basilisks
  A steam dragon (Lair:5)
  21 vampire mosquitoes
  2 hungry ghosts
  8 insubstantial wisps
  2 soldier ants
  4 wargs
  8 water moccasins
  4 swamp worms
  Duvessa (D:6)
  2 porcupines (Lair:2)
  6 black bears
  5 sky beasts
  A hornet zombie (D:9)
  12 ogres
  28 orc warriors
  3 phantoms
  4 boggarts (Lair:6)
  2 ice beasts
  2 necrophages (D:11)
  21 wolves
  5 centaurs
  6 big kobolds
  13 crocodiles
  15 bullfrogs
  Dowan (D:6)
  A troll zombie (D:12)
  5 scorpions
  34 killer bees
  An electric eel (Lair:4)
  13 howler monkeys
  8 wights
  6 crimson imps
  3 jellies
  4 hounds
  2 quasits
  15 orc priests
  17 orc wizards
  A bullfrog skeleton (D:12)
  A centaur skeleton (D:12)
  4 iguanas
  8 worker ants
  7 ogre zombies (D:12)
  A hound skeleton (D:10)
  2 worker ant zombies
  7 gnolls
  8 adders
  A howler monkey skeleton (D:5)
  A river rat (Lair:5)
  4 shadow imps
  3 adder skeletons
  A worm (D:4)
  2 dart slugs
  3 leopard geckos
  66 orcs
  2 bats (D:2)
  2 giant cockroaches
  4 hobgoblins
  9 jackals
  4 quokkas
  2 ball pythons
  6 frilled lizards
  3 goblins (D:2)
  A goblin skeleton (D:12)
  5 goblin zombies (D:12)
  A hobgoblin skeleton (D:12)
  17 kobolds
  A leopard gecko skeleton (D:8)
  2 orc skeletons (D:12)
  16 orc zombies (D:12)
  A quokka skeleton (D:6)
  5 rats
712 creatures vanquished.

Vanquished Creatures (others)
  Erolcha (D:13)
  2 hydras
  A black mamba (Lair:3)
  A troll (Orc:2)
  2 vampire mosquitoes (Swamp:1)
  A swamp worm (Swamp:2)
  An orc warrior (Orc:2)
  2 killer bees (Lair:5)
  An orc priest (D:11)
  A worker ant (D:13)
  A shadow imp (D:13)
  6 orcs
  A quokka (D:11)
  6 briar patches
  8 fungi
  6 plants
  6 toadstools (Swamp:2)
47 creatures vanquished.

Grand Total: 759 creatures vanquished

Notes
Turn   | Place    | Note
-------+----------+-------------------------------------------
     0 | D:1      | MisterFreud the Troll Hunter began the quest for the Orb.
     0 | D:1      | Reached XP level 1. HP: 19/19 MP: 0/0
   291 | D:1      | Reached skill level 1 in Unarmed Combat
   636 | D:2      | Reached XP level 2. HP: 27/27 MP: 1/1
   768 | D:2      | Reached XP level 3. HP: 11/33 MP: 2/2
   865 | D:2      | Reached XP level 4. HP: 41/41 MP: 3/3
   962 | D:2      | Noticed Sigmund
   974 | D:2      | Killed Sigmund
   974 | D:2      | Reached skill level 5 in Unarmed Combat
   974 | D:2      | Reached XP level 5. HP: 42/48 MP: 4/4
  1546 | D:3      | Reached XP level 6. HP: 54/55 MP: 5/5
  1748 | D:3      | Found an iron altar of Okawaru.
  2167 | D:4      | Reached skill level 1 in Shields
  2177 | D:4      | Found a radiant altar of Vehumet.
  2258 | D:4      | Found a transporter.
  2258 | D:4      | Noticed galech's ghost (amateur DsFi)
  2267 | D:4      | Found a transporter.
  2390 | D:4      | Reached skill level 2 in Shields
  2390 | D:4      | Reached XP level 7. HP: 58/62 MP: 6/6
  2670 | D:5      | Entered Level 5 of the Dungeon
  2778 | D:5      | Reached skill level 3 in Shields
  3018 | D:5      | Found a sparkling altar of Nemelex Xobeh.
  3516 | D:6      | Reached XP level 8. HP: 70/70 MP: 7/7
  3526 | D:6      | Reached skill level 4 in Shields
  3533 | D:6      | Found a white marble altar of Elyvilon.
  3545 | D:6      | Noticed Dowan
  3549 | D:6      | Noticed Duvessa
  3575 | D:6      | Killed Duvessa
  3582 | D:6      | Killed Dowan
  3613 | D:6      | Found Vimoebbur's Antique Armour Boutique.
  3628 | D:6      | Reached skill level 5 in Dodging
  4234 | D:7      | Reached skill level 5 in Shields
  4308 | D:7      | Found a glowing golden altar of the Shining One.
  4322 | D:7      | Found a shadowy altar of Dithmenos.
  4378 | D:7      | Found a staircase to the Ecumenical Temple.
  4407 | Temple   | Entered the Ecumenical Temple
  4466 | Temple   | Became a worshipper of Ru the Awakened
  4673 | D:7      | Reached XP level 9. HP: 53/76 MP: 8/8
  4730 | D:7      | Reached skill level 6 in Shields
  4798 | D:7      | Paralysed by a hornet for 2 turns
  4981 | D:7      | Reached skill level 7 in Shields
  5325 | D:8      | Found Ilocomun's General Store.
  5327 | D:8      | Bought 2 potions of haste for 240 gold pieces
  5327 | D:8      | Bought a scroll of fog for 24 gold pieces
  5327 | D:8      | Bought a scroll of teleportation for 36 gold pieces
  5355 | D:8      | Reached skill level 8 in Shields
  5601 | D:8      | Found a sparkling altar of Nemelex Xobeh.
  5608 | D:8      | Reached skill level 9 in Shields
  5632 | D:8      | Found a staircase to the Lair.
  6175 | D:9      | Reached XP level 10. HP: 85/85 MP: 9/9
  6380 | D:9      | Found Naum's Weapon Emporium.
  6624 | D:9      | Found an opulent altar of Gozag.
  6625 | D:9      | Identified a scroll of acquirement
  6633 | D:9      | Found a glowing silver altar of Zin.
  6752 | D:9      | Reached skill level 10 in Shields
  6865 | D:10     | Entered Level 10 of the Dungeon
  7066 | Lair:1   | Entered Level 1 of the Lair of Beasts
  7123 | Lair:1   | Noticed a death yak
  7136 | Lair:1   | Killed a death yak
  7192 | Lair:1   | Noticed a spiny frog
  7200 | Lair:1   | Killed a spiny frog
  7459 | Lair:1   | Noticed a spiny frog
  7473 | Lair:1   | Killed a spiny frog
  7628 | Lair:1   | Noticed a spiny frog
  7635 | Lair:1   | Killed a spiny frog
  7635 | Lair:1   | Reached skill level 10 in Unarmed Combat
  7635 | Lair:1   | Reached XP level 11. HP: 74/92 MP: 10/10
  8226 | Lair:2   | Found a staircase to the Swamp.
  8317 | Lair:2   | Noticed an oklob plant
  8471 | Lair:2   | Reached skill level 5 in Throwing
  8736 | Lair:2   | Noticed a six-headed hydra
  8793 | Lair:2   | Killed a seven-headed hydra
  9093 | Lair:2   | Gained mutation: You cannot train Armour skill. [Ru
                  | sacrifice]
  9093 | Lair:2   | Reached * piety under Ru
  9546 | Lair:3   | Reached skill level 11 in Shields
  9765 | Lair:3   | Noticed Sonja
  9809 | Lair:3   | Found a hole to the Spider Nest.
 10036 | Lair:3   | Reached XP level 12. HP: 100/100 MP: 11/11
 10610 | Lair:3   | Killed Sonja
 11556 | Lair:4   | Gained mutation: You cannot be stealthy. [Ru sacrifice]
 11556 | Lair:4   | Reached ** piety under Ru
 11975 | Lair:5   | Reached skill level 12 in Shields
 13446 | Lair:6   | Entered Level 6 of the Lair of Beasts
 13480 | Lair:6   | Reached XP level 13. HP: 87/106 MP: 12/12
 13512 | Lair:6   | Gained mutation: You are somewhat inexperienced. (-2 XL)
                  | [Ru sacrifice]
 13512 | Lair:6   | Reached XP level 12. HP: 38/100 MP: 11/11
 13512 | Lair:6   | Reached XP level 11. HP: 38/92 MP: 10/10
 13512 | Lair:6   | Reached *** piety under Ru
 13512 | Lair:6   | Reached **** piety under Ru
 13604 | Lair:6   | Found a staircase to the Slime Pits.
 13672 | Lair:6   | Noticed a six-headed hydra
 13821 | Lair:6   | Reached skill level 13 in Shields
 13833 | Lair:6   | Noticed a death yak
 13835 | Lair:6   | Noticed a death yak
 13836 | Lair:6   | Noticed a death yak
 14050 | Lair:6   | Noticed a spriggan rider
 14260 | Lair:6   | Noticed a four-headed hydra
 14265 | Lair:6   | Killed a four-headed hydra
 14312 | Lair:6   | Paralysed by a hornet for 3 turns
 14965 | D:10     | Noticed Psyche
 14970 | D:10     | Killed Psyche
 15162 | D:10     | Noticed an unseen horror
 15193 | D:10     | Killed an unseen horror
 15193 | D:10     | Reached XP level 12. HP: 49/100 MP: 11/11
 15698 | D:11     | Noticed Erica
 15717 | D:11     | Killed Erica
 15807 | D:11     | Gained mutation: You are hated by all. [Ru sacrifice]
 15807 | D:11     | Reached ***** piety under Ru
 15900 | D:11     | Reached skill level 10 in Dodging
 15998 | D:11     | Noticed Nergalle
 16020 | D:11     | Killed Nergalle
 16300 | D:11     | Reached skill level 14 in Shields
 16472 | D:11     | Noticed Harold
 16539 | D:11     | Killed Harold
 17009 | D:12     | Found a staircase to the Orcish Mines.
 17299 | D:12     | Gained mutation: You cannot study or cast Air magic. [Ru
                  | sacrifice]
 17299 | D:12     | Gained mutation: You cannot study or cast Hexes magic. [Ru
                  | sacrifice]
 17299 | D:12     | Gained mutation: You cannot study or cast Charms magic. [Ru
                  | sacrifice]
 17299 | D:12     | Reached ****** piety under Ru
 17594 | D:13     | Noticed a centaur warrior
 17603 | D:13     | Killed a centaur warrior
 17743 | D:13     | Noticed Erolcha
 17745 | D:13     | Noticed a two-headed ogre
 17757 | D:13     | Killed Erolcha
 17759 | D:13     | Killed a two-headed ogre
 17759 | D:13     | Reached XP level 13. HP: 74/106 MP: 12/12
 18063 | D:13     | Noticed Kirke
 18077 | D:13     | Killed Kirke
 18176 | Orc:1    | Entered Level 1 of the Orcish Mines
 18187 | Orc:1    | Reached skill level 15 in Shields
 18484 | Orc:1    | Found Gouhac's Distillery.
 18510 | Orc:1    | Bought a potion of heal wounds for 60 gold pieces
 18510 | Orc:1    | Bought a potion of heal wounds for 60 gold pieces
 18510 | Orc:1    | Bought a potion of agility for 48 gold pieces
 18510 | Orc:1    | Bought a potion of might for 48 gold pieces
 18510 | Orc:1    | Bought a potion of might for 48 gold pieces
 19055 | Orc:2    | Entered Level 2 of the Orcish Mines
 19162 | Orc:2    | Found a roughly hewn altar of Beogh.
 19510 | Orc:2    | Found a staircase to the Elven Halls.
 19699 | Orc:2    | Noticed an orc warlord
 19720 | Orc:2    | Killed an orc warlord
 19720 | Orc:2    | Reached skill level 5 in Fighting
 19787 | Orc:2    | Found a roughly hewn altar of Beogh.
 19835 | Orc:2    | Found Vumom's Antique Armour Shop.
 19991 | Orc:2    | Found Gariegetal's Antique Weapon Shop.
 20057 | Orc:2    | Found Doduas Siop's Book Shop.
 20072 | Orc:2    | Found Verhatoe's General Store.
 20079 | Orc:2    | Bought a scroll of fear for 49 gold pieces
 20079 | Orc:2    | Bought a scroll of identify for 28 gold pieces
 20521 | D:13     | Found a gate to the Vaults.
 20749 | D:13     | Noticed Jorgrun
 20776 | D:13     | Killed Jorgrun
 20776 | D:13     | Reached XP level 14. HP: 66/135 MP: 13/13
 21185 | D:14     | Noticed Nessos
 22306 | Swamp:1  | Entered Level 1 of the Swamp
 22381 | Swamp:1  | Noticed a thorn hunter
 22405 | Swamp:1  | Killed a thorn hunter
 22664 | Swamp:1  | Noticed Louise
 22676 | Swamp:1  | Killed Louise
 23316 | Swamp:2  | Noticed a thorn hunter
 23336 | Swamp:2  | Killed a thorn hunter
 23336 | Swamp:2  | Reached skill level 10 in Fighting
 24097 | Swamp:3  | Noticed a tentacled monstrosity
 24117 | Swamp:2  | Killed a tentacled monstrosity
 24496 | Swamp:3  | Noticed a thorn hunter
 24517 | Swamp:3  | Killed a thorn hunter
 24533 | Swamp:3  | Slain by a shambling mangrove

Levels and vault maps discovered:
D:1:      onia_arrival_mini_spirals, layout_basic
D:2:      layout_basic, first_ration, st_stairs_5, uniq_sigmund
D:3:      layout_rooms, old_standard_altar, serial_aquarium,
          aquarium_bridge_square [aquarium_subvault_wall,
          aquarium_subvault_balcony, aquarium_subvault_bridge,
          aquarium_subvault_wall], aquarium_window_fake, aquarium_window_fake,
          aquarium_view_2c, aquarium_balcony_3b
D:4:      layout_basic, vehumet_statue, nicolae_overflow_hidden_temple,
          gammafunk_ghost_mausoleum, dk_vineyard_3
D:5:      layout_basic, nicolae_overflow_crystal_walls,
          kennysheep_opposing_triangles
D:6:      layout_basic, lemuel_crystal_altar, serial_shops, shop, uniq_duvessa
D:7:      layout_gridville, marbit_many_paths, minmay_temple_entry_slanted,
          the_bakery, grunt_dithmenos_shadows
D:8:      layout_gridville, lair_entry_dummy, serial_shops, shop,
          nemelex_xobeh_ov_fountains_minmay
D:9:      layout_roguey, grunt_temple_overflow_gold_and_silver, serial_shops,
          nicolae_shop_stone
D:10:     layout_loops_corners, eino_tiny_chamber, minmay_strange_pillars,
          kennysheep_generic_room_7, uniq_psyche
D:11:     layout_long_grid, uniq_nergalle, uniq_harold, uniq_erica
D:12:     layout_basic, zombieorc2_lemuel
D:13:     layout_loops_ring, hangedman_vaults_entry_quadrant_bands,
          uniq_jorgrun, uniq_kirke, uniq_erolcha
D:14:     layout_cave_pools, special_room [special_room_orc], minivault_25,
          uniq_nessos, uniq_josephine, uniq_snorg
Temple:   dpeg_chambers_temple
Lair:1:   layout_small_grid, minmay_shattered_shrine, infiniplex_staircase_pool,
          serial_bayou_shore_b
Lair:2:   layout_layer_cave, swamp_mist_pool, nicolae_quartered_pool_little,
          minmay_lair_oklob_bushes
Lair:3:   layout_layer_cave, spider_nest_entry_webs, uniq_sonja
Lair:4:   layout_gridlike, minmay_lair_oklob_chamber, grunt_megastairs_1
Lair:5:   regret_index_harrowing_hell_hive, layout_regular_city,
          chequers_serial_rivers_room_b
Lair:6:   minmay_lair_end_enchanted_forest, layout_big_grid, slime_dummy,
          serial_bayou_pond_e, chequers_serial_rivers_micro_e
Swamp:1:  layout_falls_marsh, hangedman_swamp_cone, swamp_pool1, uniq_louise
Swamp:2:  cheibrodos_swamp_tower_of_moss, layout_basic_swamp,
          evilmike_swamp_ruin_rubble_1
Swamp:3:  layout_basic_swamp, nicolae_swamp_orc_logging_accident,
          infiniplex_staircase_pool_2, uniq_mara
Orc:1:    layout_caves, serial_shops, nicolae_shop_waterfront,
          nicolae_orc_rich_vein
Orc:2:    grunt_orc_cross, layout_diamond_mine, mines1_david

Skill      XL: |  1  2  3  4  5  6  7  8  9 10 11 12 13 14 |
---------------+-------------------------------------------+-----
Unarmed Combat | 1 2 3 5 6 10 11 | 11.0
Dodging        | 2 4 6 9 10 | 10.0
Shields        | 2 3 5 9 10 13 14 15 | 15.0
Throwing       | 7 8 9 |  9.1
Fighting       | 7 10 | 10.0

Action                   |  1- 3 |  4- 6 |  7- 9 | 10-12 | 13-15 || total
-------------------------+-------+-------+-------+-------+-------++-------
Melee: Unarmed           |    98 |   137 |   426 |  1837 |  1014 ||  3512
Throw: Large rock        |       |       |     4 |    26 |    19 ||    49
       Stone             |       |       |       |     2 |       ||     2
       Throwing net      |       |       |       |     2 |       ||     2
Invok: Reject Sacrifices |       |       |     1 |       |       ||     1
       Sacrifice Durabil |       |       |       |     1 |       ||     1
       Sacrifice Experie |       |       |       |     1 |       ||     1
       Sacrifice Stealth |       |       |       |     1 |       ||     1
       Sacrifice Love    |       |       |       |     1 |       ||     1
       Sacrifice Arcana  |       |       |       |     1 |       ||     1
       Apocalypse        |       |       |       |       |     2 ||     2
Evoke: Wand              |       |       |       |    12 |     5 ||    17
  Use: Scroll            |       |    15 |     6 |    15 |     2 ||    38
       Potion            |       |       |       |     2 |     3 ||     5
 Stab: Sleeping          |       |     3 |     9 |     3 |       ||    15
       Invisible         |       |       |       |     8 |     7 ||    15
       Distracted        |       |       |       |     3 |     6 ||     9
       Paralysed         |       |       |       |     2 |    12 ||    14
       Confused          |       |       |       |     1 |       ||     1
  Eat: Ration            |     1 |       |       |       |     1 ||     2
       Chunk             |    10 |    12 |    38 |   119 |    55 ||   234
Armor: Robe              |    24 |    25 |    82 |   377 |   112 ||   620
Dodge: Dodged            |    25 |    18 |    70 |   399 |   185 ||   697
Block: Large shield      |    70 |    76 |   307 |  1762 |   866 ||  3081

Table legend:
 A = Non-vault XP
 B = Vault XP
 C = Vault XP percentage of total XP
 D = Non-vault monster count
 E = Vault monster count
 F = Vault count percentage of total count
                 A         B        C        D         E       F
            +---------+---------+-------+---------+---------+-------
      Total |   85386 |   44383 |  34.2 |     505 |     211 |  29.5
            +---------+---------+-------+---------+---------+-------
        D:1 |       5 |       0 |   0.0 |       4 |       0 |   0.0
        D:2 |      90 |     228 |  71.7 |      22 |       4 |  15.4
        D:3 |      83 |       0 |   0.0 |      19 |       0 |   0.0
        D:4 |     509 |       0 |   0.0 |      32 |       0 |   0.0
        D:5 |     426 |      72 |  14.5 |      15 |       3 |  16.7
        D:6 |     502 |     230 |  31.4 |      14 |       2 |  12.5
        D:7 |    1432 |     433 |  23.2 |      27 |       3 |  10.0
        D:8 |    1459 |       0 |   0.0 |      28 |       0 |   0.0
        D:9 |    1449 |       0 |   0.0 |      26 |       0 |   0.0
       D:10 |    3073 |     397 |  11.4 |      29 |       2 |   6.5
       D:11 |    5626 |    2637 |  31.9 |      30 |       3 |   9.1
       D:12 |    4765 |     525 |   9.9 |      27 |      36 |  57.1
       D:13 |    7785 |   12075 |  60.8 |      31 |      24 |  43.6
       D:14 |       0 |     263 | 100.0 |       0 |       2 | 100.0
     Lair:1 |    3487 |    2521 |  42.0 |      15 |       8 |  34.8
     Lair:2 |    4630 |       0 |   0.0 |      18 |       0 |   0.0
     Lair:3 |    5492 |     802 |  12.7 |      21 |       1 |   4.5
     Lair:4 |    2485 |    1638 |  39.7 |      10 |       8 |  44.4
     Lair:5 |    4925 |    3883 |  44.1 |      20 |      36 |  64.3
     Lair:6 |    7124 |    8111 |  53.2 |      17 |      44 |  72.1
    Swamp:1 |    9453 |    1658 |  14.9 |      21 |       1 |   4.5
    Swamp:2 |    9967 |    1577 |  13.7 |      34 |       1 |   2.9
    Swamp:3 |    6985 |       0 |   0.0 |      12 |       0 |   0.0
      Orc:1 |    2097 |       0 |   0.0 |      17 |       0 |   0.0
      Orc:2 |    1537 |    7333 |  82.7 |      16 |      33 |  67.3
            +---------+---------+-------+---------+---------+-------
